 Dungeon Crawl Stone Soup version 0.29-a0-96-g93358da72b (webtiles) character file.

Game seed: 1936277082482391898

347 Sweetruy1997 the Chopper (level 6, -5/48 HPs)
             Began as a Demonspawn Chaos Knight on Feb 12, 2022.
             Was a Plaything of Xom.
             Succumbed to Eustachio's poison
             ... on level 3 of the Dungeon.
             The game lasted 00:08:43 (3086 turns).

Sweetruy1997 the Chopper (Demonspawn Chaos Knight)  Turns: 3086, Time: 00:08:43

Health: -5/48      AC:  5    Str: 12    XL:     6   Next: 33%
Magic:  6/6        EV: 11    Int: 15    God:    Xom [....*.]
Gold:   666        SH:  4    Dex: 15    Spells: 5/5 levels left

rFire   . . .      SeeInvis .   a - +0 hand axe (chaos)
rCold   . . .      Faith    .   (no shield)
rNeg    . . .      Spirit   .   b - +2 leather armour
rPois   .          Reflect  .   (helmet restricted)
rElec   .          Harm     .   (no cloak)
rCorr   +          Rampage  .   (no gloves)
Will    ++...                   (no boots)
Stlth   ++........              (no amulet)
HPRegen 0.16/turn               d - ring of resist corrosion
MPRegen 0.10/turn               (no ring)

@: mighty, lethally poisoned (-5 -> -32)
A: horns 1, powered by pain 1, sturdy frame 1, talons 1, large bone plates 1,
clever 1, strong-willed 2
a: Renounce Religion


You were on level 3 of the Dungeon.
You worshipped Xom.
You were a beloved toy of Xom.
You visited 1 branch of the dungeon, and saw 4 of its levels.

You collected 765 gold pieces.
You spent 99 gold pieces at shops.

Inventory:

Hand Weapons
 a - a +0 hand axe of chaos (weapon)
Armour
 b - a +2 leather armour (worn)
Jewellery
 d - a ring of resist corrosion (left hand)
Scrolls
 e - a scroll of fear {unknown}
 f - a scroll of enchant weapon {unknown}
 h - a scroll of identify {unknown}
 i - a scroll of brand weapon {unknown}
 j - a scroll of teleportation
 n - a scroll of amnesia {unknown}
 p - a scroll of torment {unknown}
 q - 2 scrolls of magic mapping
 r - a scroll of noise {unknown}
Potions
 g - a potion of heal wounds
 k - 2 potions of curing
 m - a potion of resistance {unknown}
 o - a potion of might {unknown}


   Skills:
 + Level 4.1 Fighting
 + Level 4.9 Axes
 + Level 1.6 Throwing
 - Level 2.0 Armour
 - Level 1.0 Dodging
 + Level 1.9 Stealth
 - Level 1.0 Shields


You had 5 spell levels left.
You didn't know any spells.
Your spell library contained the following spells:

 Spells                   Type           Power      Damage    Failure   Level
 Malign Gateway           Summ/Tloc      0%         N/A       100%        7
 Summon Horrible Things   Summ           0%         N/A       100%        8


Dungeon Overview and Level Annotations

Branches:
Dungeon (4/15)
 Temple: D:4-7

Altars:
Ashenzari
Fedhas
Okawaru
Vehumet
Xom

Shops:
D:1 *

Annotations:
D:4 Eustachio


Innate Abilities, Weirdness & Mutations

You have a pair of small horns on your head.
You sometimes gain a little power by taking damage.
Your movements are slightly less encumbered by armour. (ER -2)
You have sharp toenails.
You are partially covered in large bone plates. (SH +4)
Your mind is acute. (Int +2)
You are highly strong-willed. (Will++)


Message History

You hit Eustachio.
Space warps around Eustachio.
Eustachio is moderately wounded.
You feel very sick. The bat closely misses you.
The bat hits you but does no damage.
Eustachio gestures wildly while chanting.
You barely miss Eustachio.
Eustachio is moderately wounded.
You closely miss the quokka. You miss the bat.
You feel very sick. The bat barely misses you. The bat closely misses you.
Eustachio mumbles some strange words.
The quokka barely misses you. The bat completely misses you.
Okay, then.
You slash Eustachio!
Eustachio looks as sick as possible!
Eustachio is heavily wounded.
You closely miss the bat. You slash the river rat!
You kill the river rat!
The river rat's corpse disappears in a puff of smoke!
You hit the quokka. You freeze the quokka. You miss the quasit.
You feel sick. The bat barely misses you.
Eustachio hits you with a +4 rapier of venom!
You are more poisoned.
The quokka barely misses you.
The quasit bites you but does no damage.
The quasit barely misses you. You block the quasit's attack.
Eustachio hits you with a +4 rapier of venom!
* * * LOW HITPOINT WARNING * * *
A shower of butterflies erupts from you!
You are more poisoned.
* * * LOW HITPOINT WARNING * * *
You feel extremely sick.
The bat hits you but does no damage. x2; The quokka closely misses you.
The quasit barely misses you. x2
The quasit claws you but does no damage.
You block the shadow imp's attack.
Eustachio gestures wildly while chanting.
Eustachio blinks!
A mysterious force pulls you upwards. The hatch slams shut behind you.
You die...
Xom thinks this is hilarious!

### ### #.###.# #.....# #.###.#
#.# #.# ############# #.# #.#
............#########(# #.#######
............#......##.# #........
............#...@.....# #........
............#.......### #........
......##............# #........
......+.............# #........
......##.#.#.####'### ##.......
......##.#.#.####'########.......
......##.#.#.#............#+#.###
......'..#.#..................#
......####.##.................###


There were no monsters in sight!

Vanquished Creatures
  Sigmund (D:4)
  An ogre (D:4)
  A centaur skeleton (D:4)
  2 adders (D:3)
  An orc (D:3)
  4 bats
  2 endoplasms
  6 giant cockroaches
  9 goblins
  4 hobgoblins
  4 quokkas
  5 ball pythons
  3 frilled lizards
  3 kobolds
  A rat (D:3)
47 creatures vanquished.

Vanquished Creatures (collateral kills)
  An adder (D:4)
1 creature vanquished.

Vanquished Creatures (others)
  A demonic plant (D:1)
  A plant (D:1)
2 creatures vanquished.

Grand Total: 50 creatures vanquished

Notes
Turn   | Place    | Note
-------+----------+-------------------------------------------
     0 | D:1      | Sweetruy1997 the Demonspawn Chaos Knight began the quest
                  | for the Orb.
     0 | D:1      | Reached XP level 1. HP: 18/18 MP: 1/1
   122 | D:1      | Gained mutation: You sometimes gain a little power by
                  | taking damage. [demonic ancestry]
   122 | D:1      | Reached XP level 2. HP: 24/24 MP: 2/2
   153 | D:1      | XOM: divination: detect items
   194 | D:1      | XOM: cloud trail
   248 | D:1      | Reached skill level 1 in Dodging
   249 | D:1      | Found Voagrodgh's Assorted Antiques.
   270 | D:1      | Bought a fuming amethyst potion for 18 gold pieces
   319 | D:1      | XOM: 1-stop teleportation journey
   512 | D:1      | Found a faded altar of an unknown god.
   724 | D:1      | XOM: god gift: 617 gold pieces
   867 | D:1      | XOM: god gift: 20 stones
   914 | D:1      | Bought a fuming dark potion for 18 gold pieces
   914 | D:1      | Bought a scroll labelled HYENLY ORPHAK for 21 gold pieces
   914 | D:1      | Bought a scroll labelled AGGECO ELAVAL for 21 gold pieces
   914 | D:1      | Bought a scroll labelled PIERROCU ISORE for 21 gold pieces
   969 | D:2      | XOM: give mutations
   969 | D:2      | Gained mutation: Your mind is acute. (Int +2) [Xom's grace]
   969 | D:2      | Gained mutation: You are strong-willed. (Will+) [Xom's
                  | grace]
   969 | D:2      | Gained mutation: You have sharp toenails. [Xom's grace]
   969 | D:2      | Gained mutation: You are highly strong-willed. (Will++)
                  | [Xom's grace]
  1055 | D:2      | XOM: fake destruction
  1060 | D:2      | Reached XP level 3. HP: 29/29 MP: 3/3
  1078 | D:2      | XOM: 7-stop teleportation journey
  1178 | D:2      | XOM: give mutation
  1178 | D:2      | Gained mutation: You are partially covered in large bone
                  | plates. (SH +4) [Xom's grace]
  1364 | D:2      | XOM: scenery: create altars
  1544 | D:2      | XOM: scenery: create altars
  1681 | D:3      | Found a broken altar of Ashenzari.
  1687 | D:3      | Found a blossoming altar of Fedhas.
  1774 | D:3      | XOM: 1-stop teleportation journey
  2299 | D:3      | Gained mutation: Your movements are slightly less
                  | encumbered by armour. (ER -2) [demonic ancestry]
  2299 | D:3      | Reached XP level 4. HP: 35/35 MP: 4/4
  2390 | D:3      | Found an iron altar of Okawaru.
  2392 | D:3      | Found a radiant altar of Vehumet.
  2711 | D:4      | Noticed an ogre
  2713 | D:4      | Noticed a lemure
  2760 | D:4      | XOM: summons 3 friendly demons
  2774 | D:4      | Reached skill level 1 in Throwing
  2791 | D:4      | Killed an ogre
  2792 | D:4      | Reached skill level 1 in Stealth
  2792 | D:4      | Gained mutation: You have a pair of small horns on your
                  | head. [demonic ancestry]
  2792 | D:4      | Reached XP level 5. HP: 42/42 MP: 5/5
  2821 | D:4      | Noticed Sigmund
  2873 | D:4      | Killed Sigmund
  2874 | D:4      | Reached skill level 1 in Shields
  2874 | D:4      | Reached XP level 6. HP: 26/48 MP: 6/6
  2952 | D:4      | XOM: scenery: create altars
  3075 | D:4      | Noticed Eustachio
  3084 | D:4      | XOM: butterfly on damage
  3086 | D:3      | Succumbed to Eustachio's poison

Illustrated notes

Levels and vault maps discovered:
D:1:      psy_arrival_terrarium, layout_basic, shapermc_ecumenical_altar_gd,
          serial_shops, nicolae_shop_trees, roderic_lattice_a
D:2:      layout_loops_ring
D:3:      minmay_general_purpose_star, layout_basic,
          nicolae_overflow_hidden_temple, solitary_fountain,
          palyth_stone_intersect
D:4:      minmay_diamond_boxcup, layout_basic,
          mainiacjoe_overflow_six_doors_small, uniq_edmund, uniq_pikel,
          uniq_sigmund, uniq_grinder, uniq_eustachio, uniq_crazy_yiuf_cottage

Skill      XL: |  1  2  3  4  5 |
---------------+----------------+-----
Axes           | 3 4 |  4.9
Dodging        | 1 |  1.0
Armour         | 2 |  2.0
Throwing       | 1 |  1.6
Stealth        | 1 |  1.9
Fighting       | 4 |  4.1
Shields        | 1 |  1.0

Action                   |  1- 3 |  4- 6 || total
-------------------------+-------+-------++-------
Melee: Hand axe          |    89 |    20 ||   109
       Kick              |     6 |     3 ||     9
       Punch             |       |     1 ||     1
       Headbutt          |       |     1 ||     1
Throw: Javelin           |    15 |       ||    15
  Use: Scroll            |     2 |       ||     2
       Potion            |       |     4 ||     4
 Stab: Sleeping          |     3 |       ||     3
Armor: Leather armour    |    32 |     8 ||    40
       Skin              |       |    17 ||    17
Dodge: Dodged            |    60 |    24 ||    84
Block: Other             |     8 |     7 ||    15

Table legend: (Time is in decaauts)
 A = Elapsed time spent in this place.
 B = Non-inter-level travel time spent in this place.
 C = Inter-level travel time spent in this place.
 D = Time resting spent in this place.
 E = Time spent auto-exploring this place.
 F = Levels seen in this place.
 G = Mean time per level.
                   A        B        C        D        E       F      G
               +--------+--------+--------+--------+--------+-----+--------+
         Total |   3111 |   2945 |    166 |     31 |   2484 |   4 |  777.8 |
       Dungeon |   3111 |   2945 |    166 |     31 |   2484 |   4 |  777.8 |
               +--------+--------+--------+--------+--------+-----+--------+

Top non-repeatable levels by time:
     D:3: 1169 daAuts
     D:1: 942 daAuts
     D:2: 663 daAuts
     D:4: 336 daAuts
